3L
BUCKHEAD BOWTIES @ NEW ORLEANS VOODOO
09/29/2030
 
TOP OF THE 1ST
Buckhead Bowties batting - Pitching for New Orleans Voodoo : RHP Juan Montoya
Pitching: RHP Juan Montoya
Batting: LHB José Valéncia 0-0: Foul Ball, location: 2F
0-1: Foul Ball, location: 2F
0-2: Ball
1-2: Ball
2-2: Foul Ball, location: 2F
2-2: Ground out 3-1 (Groundball, 34)
Batting: RHB Derek Bangert 0-0: Ball
1-0: Swinging Strike
1-1: Called Strike
1-2: Ball
2-2: Ball
3-2: Ground out 6-3 (Groundball, 6)
Batting: SHB Seishiro Nishimura 0-0: Ball
1-0: Ball
2-0: Ground out U3 (Groundball, 3)
Top of the 1st over - 0 runs, 0 hits, 0 errors, 0 left on base; Buckhead 0 - New Orleans 0
BOTTOM OF THE 1ST
New Orleans Voodoo batting - Pitching for Buckhead Bowties : RHP Ron Manning
Pitching: RHP Ron Manning
Batting: RHB Rafael Arredondo 0-0: Called Strike
0-1: Ball
1-1: Fly out, F7 (Flyball, 7S)
Batting: LHB William O'Keefe 0-0: Ball
1-0: Called Strike
1-1: Fly out, F7 (Flyball, 7S)
Batting: RHB Griffin Woodfinlevine 0-0: Ball
1-0: Ground out 6-3 (Groundball, 6)
Bottom of the 1st over - 0 runs, 0 hits, 0 errors, 0 left on base; Buckhead 0 - New Orleans 0
TOP OF THE 2ND
Buckhead Bowties batting - Pitching for New Orleans Voodoo : RHP Juan Montoya
Batting: RHB Raúl Ruíz 0-0: Ball
1-0: Ground out 6-3 (Groundball, 6)
Batting: RHB Todd Sentell 0-0: Ball
1-0: Called Strike
1-1: Foul Ball, location: 2F
1-2: Ball
2-2: Foul Ball, location: 2F
2-2: Ground out 4-3 (Groundball, 4)
Batting: RHB Gabriel Maldonado 0-0: Swinging Strike
0-1: Foul Ball, location: 2F
0-2: Ball
1-2: Foul Ball, location: 2F
1-2: Ball
2-2: Ball
3-2: SINGLE (Line Drive, 56D)
Batting: RHB Mesa Altuve 0-0: Called Strike
0-1: Fly out, F8 (Flyball, 8RD)
Top of the 2nd over - 0 runs, 1 hit, 0 errors, 1 left on base; Buckhead 0 - New Orleans 0
BOTTOM OF THE 2ND
New Orleans Voodoo batting - Pitching for Buckhead Bowties : RHP Ron Manning
Batting: RHB Mario Álvarez 0-0: Called Strike
0-1: Foul Ball, location: 2F
0-2: Ground out 4-3 (Groundball, 4)
Batting: RHB António Pérez 0-0: Ball
1-0: Swinging Strike
1-1: Swinging Strike
1-2: Fly out, F9 (Flyball, 9LS)
Batting: RHB Claudio Tappen 0-0: Ball
1-0: Called Strike
1-1: Foul Ball, location: 2F
1-2: Fly out, F9 (Line Drive, 89D)
Bottom of the 2nd over - 0 runs, 0 hits, 0 errors, 0 left on base; Buckhead 0 - New Orleans 0
TOP OF THE 3RD
Buckhead Bowties batting - Pitching for New Orleans Voodoo : RHP Juan Montoya
Batting: LHB Yu-zeng Si 0-0: Ground out 1-3 (Groundball, 13S)
Batting: LHB Alfred Miles 0-0: Ball
1-0: Foul Ball, location: 2F
1-1: Swinging Strike
1-2: Ground out 5-3 (Groundball, 56S)
Batting: LHB José Valéncia 0-0: Swinging Strike
0-1: Ground out 4-3 (Groundball, 4)
Top of the 3rd over - 0 runs, 0 hits, 0 errors, 0 left on base; Buckhead 0 - New Orleans 0
BOTTOM OF THE 3RD
New Orleans Voodoo batting - Pitching for Buckhead Bowties : RHP Ron Manning
Batting: SHB Zuberi Mccray 0-0: Ball
1-0: Called Strike
1-1: Foul Ball, location: 2F
1-2: Ball
2-2: Ground out 4-3 (Groundball, 4)
Batting: RHB Arnold Giroux 0-0: Called Strike
0-1: Ball
1-1: Ball
2-1: Fly out, F7 (Flyball, 7S)
Batting: RHB Orlando Velásquez 0-0: Swinging Strike
0-1: Ball
1-1: Bunt for hit - play at first, batter safe!
Batting: RHB Rafael Arredondo 0-0: Fly out, F7 (Flyball, 78XD)
Bottom of the 3rd over - 0 runs, 1 hit, 0 errors, 1 left on base; Buckhead 0 - New Orleans 0
TOP OF THE 4TH
Buckhead Bowties batting - Pitching for New Orleans Voodoo : RHP Juan Montoya
Batting: RHB Derek Bangert 0-0: Ball
1-0: Called Strike
1-1: Ground out 3-1 (Groundball, 34)
Batting: SHB Seishiro Nishimura 0-0: Ball
1-0: SINGLE (Groundball, 34D)
Batting: RHB Raúl Ruíz 0-0: Ball
1-0: Fly out, F1 (Line Drive, 13)
Batting: RHB Todd Sentell 0-0: Ball
1-0: Reached on error, E4 (Groundball, 34)
Seishiro Nishimura to second
Batting: RHB Gabriel Maldonado 0-0: Ball
1-0: Ball
2-0: Fly out, F8 (Flyball, 89D)
Top of the 4th over - 0 runs, 1 hit, 1 error, 2 left on base; Buckhead 0 - New Orleans 0
BOTTOM OF THE 4TH
New Orleans Voodoo batting - Pitching for Buckhead Bowties : RHP Ron Manning
Batting: LHB William O'Keefe 0-0: Called Strike
0-1: Foul Ball, location: 2F
0-2: Ball
1-2: Foul Ball, location: 2F
1-2: Strikes out looking
Batting: RHB Griffin Woodfinlevine 0-0: Called Strike
0-1: Foul Ball, location: 2F
0-2: Ball
1-2: Ball
2-2: Foul Ball, location: 2F
2-2: Ball
3-2: Foul Ball, location: 2F
3-2: Base on Balls
Batting: RHB Mario Álvarez 0-0: Called Strike
0-1: Ball
1-1: Ball
2-1: SINGLE (Line Drive, 56)
Griffin Woodfinlevine to second
Batting: RHB António Pérez 0-0: Foul Ball, location: 2F
0-1: Ball
1-1: Called Strike
1-2: Fly out, F8 (Flyball, 8LD)
Runner from 2nd tags up, SAFE at 3rd with throw
Batting: RHB Claudio Tappen 0-0: Ball
1-0: Called Strike
1-1: Fly out, F8 (Line Drive, 8LM)
Bottom of the 4th over - 0 runs, 1 hit, 0 errors, 2 left on base; Buckhead 0 - New Orleans 0
TOP OF THE 5TH
Buckhead Bowties batting - Pitching for New Orleans Voodoo : RHP Juan Montoya
Batting: RHB Mesa Altuve 0-0: Ball
1-0: Ground out 6-3 (Groundball, 6)
Batting: LHB Yu-zeng Si 0-0: Ball
1-0: Foul Ball, location: 2F
1-1: Called Strike
1-2: Foul Ball, location: 2F
1-2: Strikes out swinging
Batting: LHB Alfred Miles 0-0: Called Strike
0-1: Ground out 4-3 (Groundball, 4)
Top of the 5th over - 0 runs, 0 hits, 0 errors, 0 left on base; Buckhead 0 - New Orleans 0
BOTTOM OF THE 5TH
New Orleans Voodoo batting - Pitching for Buckhead Bowties : RHP Ron Manning
Batting: SHB Zuberi Mccray 0-0: Fly out, F7 (Flyball, 7)
Batting: RHB Arnold Giroux 0-0: Fly out, F5 (Line Drive, 56S)
Batting: RHB Orlando Velásquez 0-0: Ball
1-0: Called Strike
1-1: Foul Ball, location: 2F
1-2: Foul Ball, location: 2F
1-2: Foul Ball, location: 2F
1-2: Ball
2-2: SINGLE (Groundball, 56D)
Batting: RHB Rafael Arredondo 0-0: Fielders Choice at 2nd, 6-4 (Groundball, 6)
Bottom of the 5th over - 0 runs, 1 hit, 0 errors, 1 left on base; Buckhead 0 - New Orleans 0
TOP OF THE 6TH
Buckhead Bowties batting - Pitching for New Orleans Voodoo : RHP Juan Montoya
Batting: LHB José Valéncia 0-0: SINGLE (Groundball, 3D)
Batting: RHB Derek Bangert 0-0: Ball
1-0: Called Strike
1-1: Bunted foul
1-2: Ball
2-2: Ball
3-2: Base on Balls
José Valéncia to second
Batting: SHB Seishiro Nishimura 0-0: Ball
1-0: Ball
2-0: Called Strike
2-1: 3-RUN HOME RUN (Flyball, 9LD), Distance : 316 ft
Batting: RHB Raúl Ruíz 0-0: Called Strike
0-1: Ball
1-1: Foul Ball, location: 2F
1-2: Ball
2-2: Foul Ball, location: 2F
2-2: Ground out 6-3 (Groundball, 6)
Batting: RHB Todd Sentell 0-0: Foul Ball, location: 2F
0-1: Ball
1-1: Ball
2-1: Ground out U3 (Groundball, 34)
Batting: RHB Gabriel Maldonado 0-0: Ball
1-0: Foul Ball, location: 2F
1-1: Foul Ball, location: 2F
1-2: Fly out, F5 (Popup, 5SF)
Top of the 6th over - 3 runs, 2 hits, 0 errors, 0 left on base; Buckhead 3 - New Orleans 0
BOTTOM OF THE 6TH
New Orleans Voodoo batting - Pitching for Buckhead Bowties : RHP Ron Manning
Batting: LHB William O'Keefe 0-0: Called Strike
0-1: Swinging Strike
0-2: Ball
1-2: Ball
2-2: Foul Ball, location: 2F
2-2: Strikes out looking
Batting: RHB Griffin Woodfinlevine 0-0: Called Strike
0-1: Fly out, F9 (Flyball, 9S)
Batting: RHB Mario Álvarez 0-0: Ball
1-0: Fly out, F9 (Line Drive, 89S)
Bottom of the 6th over - 0 runs, 0 hits, 0 errors, 0 left on base; Buckhead 3 - New Orleans 0
TOP OF THE 7TH
Buckhead Bowties batting - Pitching for New Orleans Voodoo : RHP Juan Montoya
Batting: RHB Mesa Altuve 0-0: Fly out, F8 (Flyball, 8RM)
Batting: LHB Yu-zeng Si 0-0: Fly out, F4 (Popup, 4S)
Batting: LHB Alfred Miles 0-0: Called Strike
0-1: Ball
1-1: Ball
2-1: Swinging Strike
2-2: Foul Ball, location: 2F
2-2: Foul Ball, location: 2F
2-2: Ball
3-2: Foul Ball, location: 2F
3-2: Reached on error, E4 (Groundball, 4M)
Pitching: LHP Miguel Toro
Batting: LHB José Valéncia 0-0: Ball
1-0: Foul Ball, location: 2F
1-1: Fly out, F8 (Line Drive, 89D)
Top of the 7th over - 0 runs, 0 hits, 1 error, 1 left on base; Buckhead 3 - New Orleans 0
BOTTOM OF THE 7TH
New Orleans Voodoo batting - Pitching for Buckhead Bowties : RHP Ron Manning
Batting: RHB António Pérez 0-0: SINGLE (Line Drive, 9LS)
Batting: RHB Claudio Tappen 0-0: Called Strike
0-1: Fielders Choice at 2nd, 6-4 (Groundball, 6)
Batting: SHB Zuberi Mccray 0-0: Ball
1-0: Called Strike
1-1: Ground out 4-3 (Groundball, 4S)
Claudio Tappen to second
Batting: RHB Arnold Giroux 0-0: Ball
1-0: Ball
2-0: Called Strike
2-1: Ball
3-1: Foul Ball, location: 2F
3-2: Base on Balls
Batting: RHB Orlando Velásquez 0-0: Ball
1-0: Foul Ball, location: 2F
1-1: Foul Ball, location: 2F
1-2: Foul Ball, location: 2F
1-2: SINGLE (Groundball, 6D)
Claudio Tappen to third
Arnold Giroux to second
Runner from 3rd tries for Home, throw and OUT!
Bottom of the 7th over - 0 runs, 2 hits, 0 errors, 2 left on base; Buckhead 3 - New Orleans 0
TOP OF THE 8TH
Buckhead Bowties batting - Pitching for New Orleans Voodoo : LHP Miguel Toro
Batting: RHB Derek Bangert 0-0: Ball
1-0: Called Strike
1-1: Swinging Strike
1-2: Ball
2-2: SINGLE (Flyball, 78S)
Batting: SHB Seishiro Nishimura 0-0: Ball
1-0: Ball
2-0: SINGLE (Line Drive, 8RS)
Derek Bangert to second
Batting: RHB Raúl Ruíz 0-0: Foul Ball, location: 2F
0-1: Ball
1-1: Ball
2-1: Grounds into double play, 1-6-3 (Groundball, 13)
Derek Bangert to third
Batting: RHB Todd Sentell 0-0: Called Strike
0-1: Swinging Strike
0-2: Foul Ball, location: 2F
0-2: Foul Ball, location: 2F
0-2: Fly out, F3 (Line Drive, 3L)
Top of the 8th over - 0 runs, 2 hits, 0 errors, 1 left on base; Buckhead 3 - New Orleans 0
BOTTOM OF THE 8TH
New Orleans Voodoo batting - Pitching for Buckhead Bowties : RHP Ron Manning
Batting: RHB Rafael Arredondo 0-0: Swinging Strike
0-1: Swinging Strike
0-2: Strikes out swinging
Batting: LHB William O'Keefe 0-0: Ball
1-0: Ground out 4-3 (Groundball, 4)
Batting: RHB Griffin Woodfinlevine 0-0: Ground out 5-3 (Groundball, 56)
Bottom of the 8th over - 0 runs, 0 hits, 0 errors, 0 left on base; Buckhead 3 - New Orleans 0
TOP OF THE 9TH
Buckhead Bowties batting - Pitching for New Orleans Voodoo : LHP Miguel Toro
Batting: RHB Gabriel Maldonado 0-0: Called Strike
0-1: Foul Ball, location: 2F
0-2: DOUBLE (Groundball, 5L)
Batting: RHB Mesa Altuve 0-0: Intentional Walk
Batting: LHB Yu-zeng Si 0-0: Ball
1-0: Ball
2-0: Foul Ball, location: 2F
2-1: Sac Bunt - play at first, batter OUT! U3
Gabriel Maldonado to third
Mesa Altuve to second
Batting: LHB Alfred Miles 0-0: Called Strike
0-1: Ball
1-1: Foul Ball, location: 2F
1-2: Ball
2-2: Foul Ball, location: 2F
2-2: Foul Ball, location: 2F
2-2: Foul Ball, location: 2F
2-2: Ball
3-2: Strikes out swinging
Batting: LHB José Valéncia 0-0: Ball
1-0: Ground out 4-3 (Groundball, 4)
Top of the 9th over - 0 runs, 1 hit, 0 errors, 2 left on base; Buckhead 3 - New Orleans 0
BOTTOM OF THE 9TH
New Orleans Voodoo batting - Pitching for Buckhead Bowties : RHP Ron Manning
Batting: RHB Mario Álvarez 0-0: Called Strike
0-1: Fly out, F7 (Line Drive, 7LM)
Pitching: RHP Tomás Vargas
Batting: RHB António Pérez 0-0: Foul Ball, location: 2F
0-1: Ground out 6-3 (Groundball, 6)
Batting: RHB Claudio Tappen 0-0: Ball
1-0: Ball
2-0: SINGLE (Groundball, 13) (infield hit)
Batting: SHB Zuberi Mccray 0-0: Ball
1-0: Called Strike
1-1: Ball
2-1: Foul Ball, location: 2F
2-2: Foul Ball, location: 2F
2-2: Foul Ball, location: 2F
2-2: Foul Ball, location: 2F
2-2: Foul Ball, location: 2F
2-2: SINGLE (Groundball, 4D)
Claudio Tappen to second
Batting: RHB Arnold Giroux Balk!
Claudio Tappen to third
Zuberi Mccray to second
0-0: DOUBLE (Line Drive, 78D)
Claudio Tappen scores
Zuberi Mccray scores
Batting: RHB Orlando Velásquez 0-0: Ball
1-0: Ball
2-0: Ball
3-0: Swinging Strike
Balk!
Arnold Giroux to third
3-1: Called Strike
3-2: Fly out, F7 (Line Drive, 7LM)
Bottom of the 9th over - 2 runs, 3 hits, 0 errors, 1 left on base; Buckhead 3 - New Orleans 2
Sunday, March 18th, 2018 - OOTP Baseball 18.8 Build 76